 Dungeon Crawl Stone Soup version 0.17.1-2-g5865329 (webtiles) character file.

60 PossumBlood the Vexing (level 3, 0/24 HPs)
             Began as a Vampire Enchanter on Jan 28, 2016.
             Slain by an adder (2 damage)
             ... on level 2 of the Dungeon.
             The game lasted 00:05:17 (967 turns).

PossumBlood the Vexing (Vampire Enchanter)           Turns: 967, Time: 00:05:19

Health: 0/24       AC:  3    Str:  7    XL:     3   Next: 82%
Magic:  6/6        EV: 12    Int: 17    God:
Gold:   90         SH:  0    Dex: 15    Spells: 1 memorised, 5 levels left

rFire  . . .     SeeInvis +     a - +1 dagger
rCold  . . .     Clarity  .     b - +1 robe
rNeg   + . .     SustAt   .     (no shield)
rPois  .         Gourm    .     (no helmet)
rElec  .         Spirit   .     (no cloak)
rCorr  .         Warding  .     (no gloves)
rMut   .         Stasis   .     (no boots)
MR     +....                    (no amulet)
Stlth  +++.......               p - ring of wizardry
                                i - ring of protection from magic

@: lethally poisoned (0 -> -6), somewhat resistant to hostile enchantments,
fairly stealthy
A: fangs 3, see invisible, unbreathing
a: Bat Form


You were on level 2 of the Dungeon.
You were not thirsty.

You visited 1 branch of the dungeon, and saw 2 of its levels.

You collected 90 gold pieces.

Inventory:

Hand Weapons
 a - a +1 dagger (weapon)
Armour
 b - a +1 robe (worn)
Jewellery
 i - a ring of protection from magic (left hand)
 p - a ring of wizardry (right hand)
Scrolls
 e - a scroll of teleportation {unknown}
 f - 2 scrolls of magic mapping {unknown}
 j - a scroll of fear {unknown}
 k - a scroll of immolation {unknown}
 l - a scroll of enchant armour {unknown}
 m - a scroll of fog {unknown}
 n - 2 scrolls of identify {unknown}
Potions
 d - 12 potions of blood
 g - a potion of cancellation
 h - a potion of lignification
 o - a potion of agility
Books
 c - a book of Maledictions

   Spells                             Type                      Level
   a - Corona                         Hexes                        1
   b - Ensorcelled Hibernation        Hexes/Ice                    2
   c - Confuse                        Hexes                        3
   d - Tukima's Dance                 Hexes                        3
   e - Dazzling Spray                 Conjuration/Hexes            3


   Skills:
 * Level 4.1 Short Blades
 - Level 2.1 Dodging
 - Level 4.4 Stealth
 - Level 2.0 Spellcasting
 - Level 4.4 Hexes


You had 5 spell levels left.
You knew the following spells:

 Your Spells              Type           Power        Failure   Level  Hunger
a - Corona                Hex            ###....      1%          1    #......


Dungeon Overview and Level Annotations

Branches:
Dungeon (2/15)

Altars:


Innate Abilities, Weirdness & Mutations

You have razor-sharp teeth.
You have supernaturally acute eyesight.
You can survive without breathing.


Message History

The quokka bites you.
* * * LOW HITPOINT WARNING * * *
The adder closely misses you.
Drink which item? (? for menu, Esc to quit)
It was a potion of haste.
You feel yourself speed up.
* * * LOW HITPOINT WARNING * * *
You feel sick. The quokka misses you. The adder bites you but does no damage.
You are very lightly contaminated with residual magic.
Drink which item? (? for menu, Esc to quit)
It was a potion of agility.
You feel agile all of a sudden. The quokka completely misses you.
The adder completely misses you.
Drink which item? (? for menu, Esc to quit)
It was a potion of cancellation.
Your magical effects are unravelling.
Your magical contamination has completely faded away.
You feel magically purged.
You feel yourself slow down.
You feel a little less agile now. The adder bites you.
You die...

...............#
#..............#
...............# #
...............# .####
..............## #...?#
....#..........# #......
....#..........# .......
....#..........##.......
....#...........@r......
..#.#..........##S......
..#..%........## .......
###.##.......## #......
#.####.##### #..>.# #..
...# ##### ####...#
#...#


You could see an adder and a quokka.

Vanquished Creatures
  An adder (D:2)
  3 oozes
  2 worms (D:2)
  A giant gecko (D:1)
  3 giant cockroaches (D:1)
  4 hobgoblins
  5 kobolds
  4 bats
  A giant newt (D:2)
  6 goblins
  3 rats
33 creatures vanquished.

Notes
Turn   | Place    | Note
--------------------------------------------------------------
     0 | D:1      | PossumBlood the Vampire Enchanter began the quest for the Orb.
     0 | D:1      | Reached XP level 1. HP: 13/13 MP: 3/3
   119 | D:1      | Reached XP level 2. HP: 13/19 MP: 5/5
   467 | D:2      | Reached XP level 3. HP: 20/24 MP: 6/6
   967 | D:2      | Slain by an adder

Action                   || total
-------------------------++-------
Melee: Dagger            ||    94
  Use: Potion            ||     4
 Stab: Sleeping          ||    12
